AoeStats
← Simon Stokvis

Nomad

509138477Analyzed
4v4 RM · 6d ago on Sep 25, 2026· 37m 34s· 8 players
Game mode
Random Map
Map size
231×231
Population
200
Speed
Normal
Resources
Standard
Victory
Conquest
Starting age
Dark Age
Ending age
Imperial Age
RankedLock teamsTeams togetherTeam positionsShared explorationLock speedFull tech treeHidden civsTurbo modeCheats
Victory
Defeat
🇧🇬 Britons · Bulgaria
1796
+6
🇨🇳 Khitans · China
1795
+6
🇫🇮 Koreans · Finland
1683
+10
🇳🇱 Vikings · Netherlands
1600
+13
🇸🇻 Berbers · El Salvador
1639
-12
🇦🇷 Hindustanis · Argentina
1564
-9
🇦🇷 Khmer · Argentina
1530
-8
🇦🇷 Malians · Argentina
1462
-6
Zni.Locuss
4:27 Loom
12:57 Feudal Age
14:43 Double-Bit Axe
17:22 Castle Age
18:16 Medium Warships
18:06 Fishing Lines
18:56 Town Watch
20:42 Wheelbarrow
23:32 Horse Collar
26:44 Fletching
27:36 Hand Cart
28:09 Ballistics
33:20 Imperial Age
31:14 Bodkin Arrow
32:20 Padded Archer Armor
33:24 Leather Archer Armor
34:05 Bracer
35:06 Chemistry
33:56 Elite Longbowman
36:34 Conscription
37:42 Ring Archer Armor
37:23 Bow Saw
Simon Stokvis
3:35 Loom
4:59 Loom
14:14 Feudal Age
15:43 Fletching
20:49 Castle Age
20:34 Double-Bit Axe
21:09 Gold Mining
22:14 Bow Saw
29:53 Ballistics
29:22 Town Watch
32:03 Padded Archer Armor
34:27 Medium Warships
34:20 Bodkin Arrow
37:41 Imperial Age
35:52 Leather Archer Armor
King-Arthur
4:37 Loom
12:25 Feudal Age
13:30 Town Watch
16:50 Castle Age
18:24 Double-Bit Axe
20:23 Fletching
21:56 Bow Saw
21:59 Bodkin Arrow
26:34 Wheelbarrow
26:08 Horse Collar
33:02 Imperial Age
32:10 Eupseong
33:07 Ballistics
33:43 Bracer
34:44 Chemistry
回忆里太多好
4:58 Loom
14:02 Feudal Age
14:52 Double-Bit Axe
15:11 Fishing Lines
17:49 Castle Age
16:19 Scale Barding Armor
16:28 Forging
18:05 Light Cavalry
18:46 Husbandry
18:37 Gillnets
19:51 Wheelbarrow
21:08 Domestication
23:01 Scale Barding Armor
24:47 Hand Cart
26:58 Town Watch
27:29 Gold Mining
27:29 Stone Mining
28:12 Pastoralism
29:19 Chain Barding Armor
30:41 Stone Shaft Mining
35:56 Imperial Age
35:24 Iron Casting
36:06 Bow Saw
36:05 Hussar
37:55 Plate Barding Armor
37:42 Conscription
AxD | Kurumi 002
4:05 Loom
12:41 Feudal Age
16:28 Castle Age
15:47 Fletching
18:08 Double-Bit Axe
25:39 Bodkin Arrow
30:02 Padded Archer Armor
33:01 Ballistics
El Kb
4:48 Loom
13:30 Feudal Age
17:39 Castle Age
16:32 Double-Bit Axe
17:29 Scale Mail Armor
18:43 Bow Saw
19:47 Town Watch
20:23 Horse Collar
30:30 Wheelbarrow
31:59 Gold Mining
32:03 Stone Mining
36:03 Imperial Age
34:06 Squires
34:55 Chain Mail Armor
35:03 Forging
34:41 Arson
35:12 Padded Archer Armor
37:02 Fletching
37:54 Iron Casting
38:44 Chemistry
AxD | Keiokenkun-Uno-Puro
4:55 Loom
12:56 Feudal Age
16:11 Castle Age
15:38 Double-Bit Axe
16:35 Bloodlines
17:41 Scale Barding Armor
23:49 Bow Saw
30:28 Wheelbarrow
33:07 Imperial Age
31:20 Gold Mining
31:22 Stone Mining
31:40 Husbandry
31:52 Forging
31:44 Town Watch
32:49 Chain Barding Armor
32:29 Horse Collar
33:10 Heavy Plow
33:32 Hand Cart
35:17 Cavalier
36:50 Crop Rotation
KTeuton3666
5:03 Loom
13:32 Feudal Age
17:17 Castle Age
16:16 Double-Bit Axe
18:32 Town Watch
19:59 Wheelbarrow
21:28 Fishing Lines
28:26 Horse Collar
Connection lost

Rejoining the realm…

Still unreachable

The connection could not be restored.

Session expired

The server has moved on; the page needs a fresh start.